 Dungeon Crawl Stone Soup version 0.28.0 (webtiles) character file.

Game seed: 3140853943541894269

80 HallandMoats the Skirmisher (level 4, 0/36 HPs)
             Began as a Demonspawn Monk on Feb 6, 2022.
             Slain by a bat (1 damage)
             ... on level 3 of the Dungeon.
             The game lasted 00:02:04 (2356 turns).

HallandMoats the Skirmisher (Demonspawn Monk)       Turns: 2356, Time: 00:02:05

Health: 0/36       AC:  2    Str: 13    XL:     4   Next: 18%
Magic:  5/5        EV: 13    Int: 12    God:
Gold:   75         SH:  0    Dex: 15    Spells: 3/3 levels left

rFire   . . .      SeeInvis .   b - +1 long sword (freeze)
rCold   . . .      Faith    .   (no shield)
rNeg    . . .      Spirit   .   a - +0 robe
rPois   .          Reflect  .   (helmet restricted)
rElec   .          Harm     .   (no cloak)
rCorr   .          Rampage  .   (no gloves)
Will    .....                   (no boots)
Stlth   ++........              (no amulet)
HPRegen 0.12/turn               (no ring)
MPRegen 0.09/turn               (no ring)

@: no status effects
A: horns 1, ignite blood 1, weakness stinger 1
a: no special abilities


You were on level 3 of the Dungeon.
You visited 1 branch of the dungeon, and saw 3 of its levels.

You collected 75 gold pieces.

Inventory:

Hand Weapons
 b - a +1 long sword of freezing (weapon)
Armour
 a - a +0 robe (worn)
Scrolls
 c - 3 scrolls of vulnerability {unknown}
 f - 2 scrolls of summoning {unknown}
 g - 3 scrolls of identify {unknown}
 h - a scroll of noise {unknown}
 i - a scroll of amnesia {unknown}
Potions
 d - a potion of ambrosia {unknown}
 j - a potion of mutation {unknown}
 k - a potion of curing {unknown}
 l - a potion of heal wounds {unknown}
 m - a potion of haste {unknown}


   Skills:
 * Level 3.6 Fighting
 + Level 0.9 Armour
 + Level 2.9 Dodging
 - Level 1.7 Stealth
 * Level 3.2 Unarmed Combat
 * Level 2.4 Invocations


You had 3 spell levels left.
You didn't know any spells.
Your spell library contained the following spells:

 Spells                   Type           Power      Damage    Failure   Level
 Petrify                  Tmut/Erth      0%         N/A       97%         4
 Metabolic Englaciation   Hex/Ice        0%         N/A       100%        5
 Statue Form              Tmut/Erth      0%         N/A       100%        6


Dungeon Overview and Level Annotations

Branches:
Dungeon (3/15)

Altars:


Innate Abilities, Weirdness & Mutations

You have a pair of small horns on your head.
Your demonic aura sometimes causes spilled blood to erupt in flames.
You have a small tail.


Message History

You are too injured to fight recklessly!
You are too injured to fight recklessly!
You are too injured to fight recklessly!
You are too injured to fight recklessly!
You are too injured to fight recklessly!
You are too injured to fight recklessly!
You are too injured to fight recklessly!
You feel sick. The bat hits you but does no damage. x2
You feel sick. The bat hits you but does no damage.
The endoplasm is engulfed in blazing flames.
You kill the endoplasm!
The adder closely misses you.
You feel sick. The bat hits you.
* * * LOW HITPOINT WARNING * * *
You feel sick.
You are no longer poisoned.
The bat barely misses you. The adder closely misses you.
The bat closely misses you. The adder bites you.
* * * LOW HITPOINT WARNING * * *
You are poisoned.
The adder poisons you!
You slash the adder! You freeze the adder.
You kill the adder!
* * * LOW HITPOINT WARNING * * *
You feel sick.
You swing at nothing.
* * * LOW HITPOINT WARNING * * *
You feel sick.
You swing at nothing.
* * * LOW HITPOINT WARNING * * *
You feel sick.
You are too injured to fight recklessly!
It was a potion of magic.
Magic courses through your body.
* * * LOW HITPOINT WARNING * * *
You feel sick.
You are no longer poisoned.
The bat hits you.
You die...

### ###
#.###########.####
#.................
#.################
#.# ... #@# ###
#b#
########.#######
........w†......
##.......#######
#)........#.....
................
................ #
................
####.


You could see a worm and a bat.

Vanquished Creatures
  3 adders
  A dart slug (D:2)
  2 endoplasms
  A giant cockroach (D:2)
  5 goblins
  5 hobgoblins
  2 jackals (D:1)
  6 kobolds
  2 quokkas
  3 ball pythons
  7 bats
  7 frilled lizards
  7 rats
51 creatures vanquished.

Notes
Turn   | Place    | Note
-------+----------+-------------------------------------------
     0 | D:1      | HallandMoats the Demonspawn Monk began the quest for the
                  | Orb.
     0 | D:1      | Reached XP level 1. HP: 18/18 MP: 1/1
   355 | D:1      | Reached skill level 1 in Invocations
   355 | D:1      | Gained mutation: Your demonic aura sometimes causes spilled
                  | blood to erupt in flames. [demonic ancestry]
   355 | D:1      | Reached XP level 2. HP: 10/24 MP: 2/2
   659 | D:1      | You fall into a shaft and drop 1 floor!
  1061 | D:2      | Discovered your monstrous ancestry.
  1061 | D:2      | Gained mutation: You have a small tail. [demonic ancestry]
  1061 | D:2      | Reached XP level 3. HP: 23/29 MP: 4/4
  2336 | D:3      | Gained mutation: You have a pair of small horns on your
                  | head. [demonic ancestry]
  2336 | D:3      | Reached XP level 4. HP: 28/35 MP: 5/5
  2356 | D:3      | HP: 1/36 [poisoned by an adder]
  2356 | D:3      | Slain by a bat

Illustrated notes

Levels and vault maps discovered:
D:1:      dpeg_arrival_tiny_h, layout_loops_ring
D:2:      layout_loops_corners, minmay_pentomino_r2
D:3:      layout_basic, mainiacjoe_overflow_brackets, minmay_circle_x,
          uniq_ijyb, uniq_crazy_yiuf_cottage

Skill      XL: |  1  2  3 |
---------------+----------+-----
Invocations    | 1 2 |  2.4
Unarmed Combat | 3 |  3.2
Fighting       | |  3.6
Armour         | |  0.9
Dodging        | |  2.9
Stealth        | |  1.7

Action                   |  1- 3 |  4- 6 || total
-------------------------+-------+-------++-------
Melee: Long sword        |    94 |     7 ||   101
       Unarmed           |     2 |       ||     2
       Tailslap          |     4 |     1 ||     5
       Headbutt          |       |     1 ||     1
  Use: Potion            |       |     1 ||     1
 Stab: Sleeping          |    10 |       ||    10
Armor: Robe              |    17 |     4 ||    21
Dodge: Dodged            |    70 |    10 ||    80
